 Dungeon Crawl Stone Soup version 0.32-a0-898-g7811c86cf0 (webtiles) character file.

Game seed: 10166596836580335445

393 Griffin23 the Covered (level 6, -1/56 HPs)
             Began as a Minotaur Fighter on Apr 4, 2024.
             Slain by an ogre
             ... wielding a +0 giant club
              (28 damage)
             ... on level 4 of the Dungeon.
             The game lasted 00:04:54 (3323 turns).

Griffin23 the Covered (Minotaur Fighter)            Turns: 3323, Time: 00:04:54

Health: -1/56      AC: 12    Str: 22    XL:     6   Next: 51%
Magic:  5/5        EV:  5    Int:  5    God:
Gold:   130        SH:  4    Dex: 10    Spells: 5/5 levels left

rFire   . . .        a - +0 long sword
rCold   . . .        c - +0 buckler
rNeg    . . .        u - +0 plate armour
rPois   .            g - +0 hat
rElec   .            (no cloak)
rCorr   .            (no gloves)
SInv    .            (no boots)
Will    .....        (no amulet) Stlth
                     (no ring)
HPRegen 0.29/turn    (no ring)
MPRegen 0.09/turn

%: no passive effects
@: no status effects
A: horns 2, retaliatory headbutt
a: no special abilities


You were on level 4 of the Dungeon.
You visited 1 branch of the dungeon, and saw 4 of its levels.

You collected 185 gold pieces.
You spent 55 gold pieces at shops.

Inventory:

Hand Weapons
 a - a +0 long sword (weapon)
Armour
 b - a +0 scale mail
 c - a +0 buckler (worn)
 g - a +0 hat (worn)
 m - a +0 chain mail
 u - a +0 plate armour (worn)
Wands
 l - a wand of polymorph (8)
 n - a wand of paralysis (11)
 t - a wand of warping (4)
Scrolls
 e - 2 scrolls of immolation
 h - a scroll of revelation {unknown}
 i - a scroll of fog
 j - a scroll of fear
 p - a scroll of blinking {unknown}
Potions
 d - 2 potions of might
 f - 2 potions of berserk rage
 o - 2 potions of brilliance {unknown}
 q - a potion of ambrosia
 r - a potion of heal wounds
 s - a potion of curing {unknown}


   Skills:
 + Level 5.4 Fighting
 + Level 4.6 Long Blades
 + Level 5.4 Armour
 + Level 5.4 Shields


You had 5 spell levels left.
You didn't know any spells.
Your spell library contained the following spells:

 Spells                   Type           Power      Damage    Failure   Level
 Sigil of Binding         Hex            0%         N/A       100%        3
 Teleport Other           Tloc           0%         N/A       100%        3
 Death Channel            Necr           0%         N/A       100%        6
 Dispersal                Tloc           0%         N/A       100%        6
 Gell's Gavotte           Tloc           0%         2d(11-16) 100%        6
 Sculpt Simulacrum        Ice/Alch       0%         N/A       100%        6


Dungeon Overview and Level Annotations

Branches:
Dungeon (4/15)             Temple (0/1) D:4

Altars:

Shops:
D:2 !


Innate Abilities, Weirdness & Mutations

You have a pair of horns on your head.
You reflexively headbutt those who attack you in melee.


Message History

The adder bites you but does no damage.
An adder is nearby!
You hit the adder.
The adder is lightly wounded.
The adder bites you but does no damage.
You hit the adder.
The adder is moderately wounded.
The adder barely misses you. The adder bites you but does no damage.
You slash the adder!
The adder is almost dead.
The adder bites you but does no damage.
An adder is nearby!
You hit the adder.
You kill the adder!
e - 2 scrolls of immolation (gained 1)
You now have 130 gold pieces (gained 7).
o - 2 white potions (gained 1)
An ogre comes into view. It is wielding a +0 giant club.
The ogre shouts!
An ogre is nearby!
The ogre hits you with a +0 giant club!
An ogre is nearby!
You completely miss the ogre.
An ogre is nearby!
You slash the ogre!
You headbutt the ogre, but do no damage.
The ogre is moderately wounded.
The ogre hits you with a +0 giant club!!
An ogre is nearby!
An ogre is nearby!
You are too injured to fight recklessly!
You are too injured to fight recklessly!
You are too injured to fight recklessly!
You are too injured to fight recklessly!
You are too injured to fight recklessly!
You slash the ogre!
The ogre is severely wounded.
The ogre hits you with a +0 giant club!!
Ouch! That really hurt!
You die...

.#.....####...#
.#............#
.......#.##...#
.#.#...#.##...#
...#...#.##...####
)..............#.#
...............#.#
##.............#O#
##.##..#.##.#.##@#
.......#.##.#.##.#
##.#...#.##.#....#
.........##.#.##.#
##........>...##.#
##....##.##.#.##.#
##....#####.#.##.#
..................
##...########.####


You could see an ogre.

Vanquished Creatures
  A black bear (D:2)
  An orc priest (D:4)
  A bombardier beetle (D:3)
  Ijyb (D:4)
  2 iguanas (D:4)
  An orc wizard (D:4)
  Robin (D:4)
  4 adders
  4 dart slugs
  2 ribbon worms
  3 orcs (D:4)
  5 ball pythons
  6 endoplasms
  2 giant cockroaches
  12 hobgoblins
  3 jackals (D:4)
  3 kobolds
  2 quokkas
  5 bats
  5 frilled lizards
  11 goblins
  3 rats
78 creatures vanquished.

Notes
Turn   | Place    | Note
-------+----------+-------------------------------------------
     0 | D:1      | Griffin23 the Minotaur Fighter began the quest for the Orb.
     0 | D:1      | Reached XP level 1. HP: 19/19 MP: 0/0
   193 | D:1      | Reached XP level 2. HP: 26/27 MP: 1/1
   687 | D:1      | Found a faded altar of an unknown god.
   972 | D:2      | Found Rualyngo's Distillery.
   974 | D:2      | Bought a potion of heal wounds for 55 gold pieces
  1084 | D:2      | Reached XP level 3. HP: 33/33 MP: 2/2
  1116 | D:2      | You fall into a shaft and drop 2 floors!
  1192 | D:4      | Noticed Robin
  1203 | D:4      | Killed Robin
  1316 | D:4      | Reached XP level 4. HP: 12/41 MP: 3/3
  1458 | D:4      | Reached XP level 5. HP: 27/47 MP: 4/4
  2176 | D:2      | Noticed a black bear
  2185 | D:2      | Killed a black bear
  2186 | D:2      | Reached skill level 5 in Fighting
  2186 | D:2      | Reached skill level 5 in Armour
  2186 | D:2      | Reached skill level 5 in Shields
  2186 | D:2      | Reached XP level 6. HP: 38/56 MP: 5/5
  2799 | D:4      | Noticed Ijyb
  2812 | D:4      | Killed Ijyb
  2813 | D:4      | Found a staircase to the Ecumenical Temple.
  3323 | D:4      | Slain by an ogre

Illustrated notes

Levels and vault maps discovered:
D:1:      minmay_arrival_four_houses, layout_basic,
          hellmonk_ecumenical_altar_prayer_group
D:2:      layout_loops_ring, serial_shops, shop
D:3:      layout_rooms, minmay_misc_feat_ornament, serial_bayou_ford_a,
          amcnicky_mini_pool_small
D:4:      layout_basic, minmay_temple_entry_gardened_gates, uniq_ijyb,
          uniq_robin, uniq_natasha

Skill      XL: |  1  2  3  4  5 |
---------------+----------------+-----
Shields        | 4 5 |  5.4
Fighting       | 4 5 |  5.4
Armour         | 4 5 |  5.4
Long Blades    | 3 4 |  4.6

Action                     |  1- 3 |  4- 6 || total
---------------------------+-------+-------++-------
  Melee: Long sword        |   104 |   121 ||   225
         Headbutt          |    14 |    17 ||    31
  Evoke: Wand              |     1 |       ||     1
    Use: Potion            |     1 |       ||     1
         Scroll            |       |     5 ||     5
   Stab: Paralysed         |     4 |       ||     4
 Armour: Scale mail        |    52 |       ||    52
         Chain mail        |    62 |   101 ||   163
         Plate armour      |       |     7 ||     7
  Dodge: Dodged            |    45 |    33 ||    78
  Block: Buckler           |    31 |    22 ||    53

Table legend: (Time is in decaauts)
 A = Elapsed time spent in this place.
 B = Non-inter-level travel time spent in this place.
 C = Inter-level travel time spent in this place.
 D = Time resting spent in this place.
 E = Time spent auto-exploring this place.
 F = Levels seen in this place.
 G = Mean time per level.
                   A        B        C        D        E       F      G
               +--------+--------+--------+--------+--------+-----+--------+
         Total |   3394 |   3227 |    167 |      0 |   2617 |   4 |  848.5 |
       Dungeon |   3394 |   3227 |    167 |      0 |   2617 |   4 |  848.5 |
               +--------+--------+--------+--------+--------+-----+--------+

Top non-repeatable levels by time:
     D:4: 1028 daAuts
     D:1: 988 daAuts
     D:2: 735 daAuts
     D:3: 642 daAuts
